AoeStats
← wolololigma

Black Forest

506767506Analyzed
4v4 RM · 17d ago on Sep 15, 2026· 39m 46s· 8 players
Game mode
Random Map
Map size
Large (8 player)
Population
200
Speed
Normal
Resources
Standard
Victory
Conquest
Starting age
Dark Age
Ending age
Imperial Age
RankedLock teamsTeams togetherTeam positionsShared explorationLock speedFull tech treeHidden civsTurbo modeCheats
Victory
Defeat
🇨🇱 Hindustanis · Chile
1292
+10
1205
+14
🇨🇱 Turks · Chile
1078
+20
🇨🇱 Italians · Chile
1072
+19
🇲🇽 Maya · Mexico
1180
-17
🇧🇷 Vietnamese · Brazil
1179
-17
🇪🇨 Byzantines · Ecuador
1133
-15
🇺🇸 Ethiopians · United States
1125
-14
Cuchorro
10:45 Feudal Age
16:26 Castle Age
15:06 Scale Barding Armor
17:24 Double-Bit Axe
17:33 Gold Mining
24:12 Imperial Age
27:22 Padded Archer Armor
33:03 Leather Archer Armor
37:10 Artillery
38:46 Ballistics
38:59 Ring Archer Armor
danielits el inconmensurable
1:18 Loom
11:07 Feudal Age
12:00 Feudal Age
15:46 Castle Age
14:11 Double-Bit Axe
15:28 Horse Collar
15:39 Gold Mining
21:49 Stone Mining
22:16 Town Watch
25:29 Bow Saw
25:19 Heavy Plow
25:55 Gold Shaft Mining
25:40 Fletching
25:52 Padded Archer Armor
27:01 Stone Shaft Mining
27:45 Bodkin Arrow
31:33 Imperial Age
31:01 Leather Archer Armor
30:37 Crossbowman
31:23 Thumb Ring
31:46 Arbalester
32:27 Bracer
32:58 Ring Archer Armor
32:50 Ballistics
33:48 Two-Man Saw
34:12 Conscription
39:26 Chemistry
AiM | yunito000
10:30 Feudal Age
11:08 Double-Bit Axe
14:07 Castle Age
11:50 Horse Collar
15:13 Bow Saw
20:11 Wheelbarrow
21:11 Heavy Plow
22:43 Hand Cart
25:28 Gold Mining
28:13 Imperial Age
26:25 Bloodlines
26:15 Husbandry
27:12 Scale Barding Armor
27:18 Forging
28:12 Coinage
28:45 Gold Shaft Mining
28:00 Stone Mining
29:01 Chain Barding Armor
30:00 Chemistry
29:37 Iron Casting
29:17 Caravan
30:23 Plate Barding Armor
29:13 Heavy Camel Rider
31:16 Imperial Camel Rider
32:28 Light Cavalry
34:12 Two-Man Saw
34:13 Stone Shaft Mining
33:26 Hussar
35:28 Siege Elephant
37:25 Loom
Buda-Cox
0:28 Loom
13:31 Feudal Age
15:22 Double-Bit Axe
18:16 Castle Age
17:15 Gold Mining
17:08 Horse Collar
24:49 Stone Mining
28:38 Bow Saw
31:06 Ballistics
30:39 Fletching
30:50 Padded Archer Armor
32:26 Bodkin Arrow
32:53 Leather Archer Armor
36:47 Imperial Age
34:56 Wheelbarrow
37:08 Hand Cart
36:39 Town Watch
39:22 Chemistry
38:11 Elite Genoese Crossbowman
39:50 Heavy Plow
got.
0:36 Loom
11:52 Feudal Age
12:48 Double-Bit Axe
16:25 Castle Age
14:18 Horse Collar
17:54 Bow Saw
17:45 Heavy Plow
23:16 Wheelbarrow
24:42 Hand Cart
26:18 Gold Mining
26:19 Stone Mining
30:10 Imperial Age
27:32 Fletching
27:42 Padded Archer Armor
28:33 Stone Shaft Mining
28:21 Ballistics
28:18 Bodkin Arrow
28:41 Fortified Wall
29:20 Leather Archer Armor
30:11 Crossbowman
30:56 Thumb Ring
31:38 Hoardings
31:05 Bracer
31:35 Ring Archer Armor
32:14 Two-Man Saw
31:45 Crop Rotation
31:34 Arbalester
33:15 Paper Money
35:04 Chemistry
34:10 Siege Engineers
35:18 Elite Skirmisher
36:06 Scale Barding Armor
36:11 Forging
37:37 Pikeman
38:17 Squires
38:03 Arson
37:38 Elite Fire Lancer
38:23 Scale Mail Armor
38:59 Iron Casting
39:04 Halberdier
henry2992
2:21 Loom
11:22 Feudal Age
13:35 Double-Bit Axe
14:35 Gold Mining
17:06 Castle Age
15:14 Horse Collar
18:16 Coinage
18:29 Wheelbarrow
18:14 Bow Saw
24:12 Heavy Plow
26:08 Gold Shaft Mining
26:26 Hand Cart
31:40 Imperial Age
29:48 Caravan
29:58 Stone Mining
30:39 Scale Mail Armor
30:50 Forging
30:02 Pikeman
30:43 Squires
30:28 Gambesons
31:45 Halberdier
34:07 Chemistry
33:54 Conscription
33:02 Onager
34:04 Chain Mail Armor
34:25 Iron Casting
38:11 Padded Archer Armor
38:01 Fletching
wolololigma
0:35 Loom
11:30 Feudal Age
12:54 Horse Collar
13:07 Double-Bit Axe
21:50 Castle Age
19:54 Gold Mining
20:10 Stone Mining
21:26 Wheelbarrow
30:52 Imperial Age
28:39 Hand Cart
30:54 Elite Shotel Warrior
31:58 Conscription
33:39 Bow Saw
33:36 Heavy Plow
33:50 Forging
33:41 Scale Mail Armor
33:42 Padded Archer Armor
36:23 Elite Skirmisher
39:32 Imperial Skirmisher
Sr_Pika_mx
0:29 Loom
11:57 Feudal Age
15:51 Double-Bit Axe
18:18 Castle Age
20:09 Bow Saw
25:26 Horse Collar
26:39 Heavy Plow
27:33 Wheelbarrow
27:00 Gold Mining
28:53 Forging
28:43 Scale Mail Armor
29:38 Hand Cart
29:40 Chain Mail Armor
30:16 Iron Casting
30:07 Eagle Warrior
33:38 Imperial Age
31:14 Squires
31:59 Arson
35:27 Blast Furnace
34:57 Plate Mail Armor
34:48 Elite Eagle Warrior
Connection lost

Rejoining the realm…

Still unreachable

The connection could not be restored.

Session expired

The server has moved on; the page needs a fresh start.